AoeStats
← ၁၂/တန်းရှီ

Arabia

509877959Analyzed
1v1 RM · 5d ago on Sep 28, 2026· 23m 52s· 2 players
Game mode
Random Map
Map size
Tiny (2 player)
Population
200
Speed
Normal
Resources
Standard
Victory
Conquest
Starting age
Dark Age
Ending age
Imperial Age
RankedLock teamsTeams togetherTeam positionsShared explorationLock speedFull tech treeHidden civsTurbo modeCheats
Victory
Defeat
🇩🇰 Varangians · Denmark
1027
+17
🇸🇬 Danes · Singapore
1048
-17
OrakelDan
7:30 Loom
9:43 Feudal Age
11:08 Wheelbarrow
10:24 Double-Bit Axe
16:36 Castle Age
15:39 Horse Collar
18:52 Gold Mining
20:13 Squires
21:08 Gambesons
21:48 Gambesons
23:57 Scale Mail Armor
၁၂/တန်းရှီ
6:52 Loom
9:40 Feudal Age
10:11 Man-at-Arms
11:04 Double-Bit Axe
11:49 Horse Collar
15:15 Arson
19:12 Fletching
21:58 Castle Age
20:36 Forging
20:30 Scale Mail Armor
21:43 Gold Mining
22:58 Forging
23:05 Long Swordsman
Connection lost

Rejoining the realm…

Still unreachable

The connection could not be restored.

Session expired

The server has moved on; the page needs a fresh start.